 Dungeon Crawl Stone Soup version 0.30.1-9-gdf580d7c3d (webtiles) character file.

Game seed: 17724170871485800289

36 Groucho the Scratcher (level 3, -1/15 HPs)
             Began as a Felid Transmuter on Oct 18, 2023.
             Slain by a gnoll
             ... wielding a +0 halberd
              (13 damage)
             ... on level 2 of the Dungeon.
             The game lasted 00:02:27 (1739 turns).

Groucho the Scratcher (Felid Transmuter)            Turns: 1739, Time: 00:02:27

Health: -1/15      AC:  1    Str:  8    XL:     3   Next: 19%
Magic:  5/7        EV: 17    Int: 14    God:
Gold:   0          SH:  0    Dex: 16    Spells: 5/6 levels left
                                        Lives:  0   Deaths: 0

rFire   . .          .
                       - Unarmed
rCold   . . .        (shield unavailable)
rNeg    . . .        (body armour unavailable)
rPois   .            (helmet unavailable)
rElec   .            (cloak unavailable)
rCorr   .            (gloves unavailable)
SInv    +            (boots unavailable)
Will    .....        (no amulet)
Stlth   ++           (no ring)
HPRegen 0.22/turn    (no ring)
MPRegen 0.10/turn

%: no passive effects
@: appendages (expiring), quick
A: horns 2, very small, claws 1, fangs 3, see invisible, speed 1, shaggy fur 1,
stealthy paws, no weapons or thrown items, no armour, multi-lived
a: End Transformation


You were on level 2 of the Dungeon.
You had temporarily grown beastly horns.
You visited 1 branch of the dungeon, and saw 2 of its levels.

Inventory:

Jewellery
 b - a ring of magical power
 h - a +6 ring of dexterity
Scrolls
 c - a scroll of identify {unknown}
 d - a scroll of magic mapping {unknown}
 e - a scroll of teleportation {unknown}
 f - a scroll of immolation {unknown}
 g - a scroll of enchant weapon {unknown}
 i - a scroll of fear {unknown}
Potions
 a - a potion of lignification
 j - a potion of might {unknown}
 k - a potion of degeneration {unknown}
 l - a potion of curing {unknown}


   Skills:
 + Level 1.3 Fighting
 + Level 3.0 Dodging
 * Level 2.0 Stealth
 * Level 3.4 Unarmed Combat
 + Level 2.1 Spellcasting
 + Level 2.4 Transmutations


You had 5 spell levels left.
You knew the following spells:

 Your Spells              Type           Power      Damage    Failure   Level
a - Beastly Appendage     Tmut           16%        N/A       9%          1

Your spell library contained the following spells:

 Spells                   Type           Power      Damage    Failure   Level
 Wereblood                Tmut           8%         N/A       13%         2
 Spider Form              Tmut/Pois      4%         N/A       38%         3
 Ice Form                 Ice/Tmut       4%         N/A       80%         4


Dungeon Overview and Level Annotations

Branches:
Dungeon (2/15)

Altars:


Innate Abilities, Weirdness & Mutations

You have temporarily grown beastly horns.
You have sharp claws.
You have razor-sharp teeth.
You have supernaturally acute eyesight. (SInv)
You cover ground quickly. (Speed+)
You are covered in fur. (AC +1)
Your paws help you pounce on unaware monsters.
You are incapable of wielding weapons or throwing items.
You cannot wear armour.
You gain extra lives every three experience levels.


Message History

The bat barely misses you. The gnoll barely misses you.
The gnoll completely misses you. The endoplasm freezes you.
You are frozen.
Unknown command.
The gnoll completely misses you. The bat hits you but does no damage.
The bat attacks as you move away! The bat barely misses you.
The bat misses you.
Things that are here:
a +0 dagger; a kobold corpse
Casting: Beastly Appendage (safe; 9% risk of failure)
Confirm with . or Enter, or press ? or * to list all spells.
You grow a pair of large bovine horns.
The endoplasm hits you but does no damage.
You scratch the endoplasm.
You kill the endoplasm!
You scratch the rat.
You kill the rat!
The gnoll closely misses you.
You scratch the gnoll. You bite the gnoll.
The gnoll is heavily wounded.
You scratch the gnoll.
The gnoll is severely wounded.
The gnoll closely misses you.
You scratch the gnoll.
You kill the gnoll!
The bat completely misses you. The bat misses you.
Your Dodging skill increases to level 3!
Your Stealth skill increases to level 2!
You have reached level 3!
Your experience leads to an increase in your attributes!
Increase (S)trength, (I)ntelligence, or (D)exterity?
You feel stronger. x2
You barely miss the bat.
Your transformation is almost over.
The bat hits you.
The gnoll hits you from afar with a +0 halberd!
Ouch! That really hurt!
You die...

#...........#
#^#(#
#......g....#
#.#.#
#........r..#
#.#.#
#......g#.###
#.#.#######
#####b#g#.#
#.........#
#..r..#
###.#####.#
###.### #.#
#.#
#)##########.#
#.#
#ggb@....)...#
#.#
##############
#.# #.# #.#
#.# #.# #.#
#.# #.#


You could see 2 gnolls and a bat.

Vanquished Creatures
  A gnoll (D:2)
  A dart slug (D:1)
  A ball python (D:1)
  5 bats (D:1)
  2 endoplasms
  2 giant cockroaches (D:1)
  2 hobgoblins
  A kobold (D:2)
  2 quokkas (D:1)
  2 goblins
  2 rats
21 creatures vanquished.

Notes
Turn   | Place    | Note
-------+----------+-------------------------------------------
     0 | D:1      | Groucho the Felid Transmuter began the quest for the Orb.
     0 | D:1      | Reached XP level 1. HP: 9/9 MP: 4/4
   456 | D:1      | Reached skill level 1 in Stealth
   542 | D:1      | Reached XP level 2. HP: 12/12 MP: 6/6
  1739 | D:2      | Reached XP level 3. HP: 12/15 MP: 5/7
  1739 | D:2      | Slain by a gnoll

Illustrated notes

Levels and vault maps discovered:
D:1:      kennysheep_arrival_seaside, layout_loops_ring, serial_bayou_crossing
D:2:      layout_basic, basic_altar, serial_shops, shop, uniq_robin

Skill      XL: |  1  2 |
---------------+-------+-----
Stealth        | 1 2 |  2.0
Dodging        | 3 |  3.0
Fighting       | |  1.3
Unarmed Combat | |  3.4
Spellcasting   | |  2.1
Transmutations | |  2.4

Action                     || total
---------------------------++-------
  Melee: Unarmed           ||    66
         Bite              ||    10
         Headbutt          ||     2
   Cast: Beastly Appendage ||     6
 Armour: Skin              ||     8
  Dodge: Dodged            ||    58
